AoeStats
← FÜHRER

Black Forest

505695331Analyzed
2v2 RM · 21d ago on Sep 10, 2026· 67m 45s· 4 players
Game mode
Random Map
Map size
Medium (4 player)
Population
200
Speed
Normal
Resources
Standard
Victory
Conquest
Starting age
Dark Age
Ending age
Imperial Age
RankedLock teamsTeams togetherTeam positionsShared explorationLock speedFull tech treeHidden civsTurbo modeCheats
Victory
Defeat
🇪🇸 Inca · Spain
660
+14
🇹🇷 Turks · Türkiye
585
+17
🇹🇷 Cumans · Türkiye
640
-17
🇹🇷 Persians · Türkiye
581
-14
mandiranoy
0:30 Loom
13:49 Feudal Age
15:42 Double-Bit Axe
24:44 Castle Age
28:28 Husbandry
29:55 Forging
29:54 Scale Barding Armor
31:43 Iron Casting
40:46 Imperial Age
41:51 Ballistics
42:33 Chemistry
42:40 Blast Furnace
41:48 Cavalier
43:42 Savar
43:52 Heavy Camel Rider
46:37 Elite Skirmisher
47:43 Chain Barding Armor
48:09 Heavy Scorpion
52:02 Plate Barding Armor
SmokedMyself
13:58 Feudal Age
14:42 Double-Bit Axe
14:40 Horse Collar
17:03 Wheelbarrow
29:56 Castle Age
30:11 Scale Barding Armor
30:16 Forging
33:01 Capped Ram
33:42 Gold Mining
33:43 Stone Mining
34:05 Bow Saw
34:15 Caravan
36:25 Iron Casting
36:10 Chain Barding Armor
38:26 Hand Cart
44:43 Imperial Age
43:52 Thumb Ring
45:41 Gold Shaft Mining
45:14 Elite Kipchak
47:41 Parthian Tactics
46:47 Cavalier
48:26 Steppe Husbandry
48:19 Paladin
49:22 Fletching
49:33 Padded Archer Armor
49:59 Siege Ram
50:44 Heavy Plow
52:27 Ballistics
53:16 Chemistry
Triskitero501
0:41 Loom
18:33 Feudal Age
21:56 Double-Bit Axe
21:55 Horse Collar
25:38 Castle Age
24:37 Champi Runner
26:26 Forging
29:51 Squires
31:19 Caravan
31:57 Champi Warrior
33:05 Scale Mail Armor
33:22 Gold Mining
33:23 Stone Mining
34:24 Fortified Wall
34:10 Murder Holes
39:15 Iron Casting
38:57 Chain Mail Armor
40:25 Ballistics
40:41 Town Watch
41:35 Wheelbarrow
41:37 Fletching
41:47 Padded Archer Armor
48:24 Imperial Age
47:05 Bodkin Arrow
47:26 Leather Archer Armor
48:34 Thumb Ring
49:03 Elite Kamayuk
52:21 Chemistry
54:09 Blast Furnace
57:00 Plate Mail Armor
62:29 Bracer
62:59 Ring Archer Armor
FÜHRER
14:47 Feudal Age
16:05 Wheelbarrow
17:56 Double-Bit Axe
18:40 Horse Collar
19:42 Gold Mining
19:46 Stone Mining
25:10 Castle Age
24:15 Scale Barding Armor
24:21 Forging
24:01 Fletching
24:11 Padded Archer Armor
26:19 Hand Cart
26:06 Heavy Plow
29:09 Gold Shaft Mining
28:48 Bow Saw
29:34 Bloodlines
33:23 Chain Barding Armor
33:38 Iron Casting
32:59 Bodkin Arrow
33:19 Leather Archer Armor
34:46 Treadmill Crane
35:05 Murder Holes
35:21 Fortified Wall
35:34 Arson
35:50 Squires
39:50 Imperial Age
38:58 Scale Mail Armor
41:31 Town Watch
41:32 Loom
42:12 Conscription
41:14 Elite Janissary
42:14 Sipahi
45:51 Ballistics
45:16 Arrowslits
45:52 Bombard Tower
45:24 Guard Tower
46:11 Plate Barding Armor
46:37 Blast Furnace
45:37 Bracer
46:07 Ring Archer Armor
45:55 Chain Mail Armor
50:09 Two-Man Saw
50:21 Town Patrol
51:13 Caravan
54:31 Artillery
57:03 Hoardings
62:52 Heavy Camel Rider
Connection lost

Rejoining the realm…

Still unreachable

The connection could not be restored.

Session expired

The server has moved on; the page needs a fresh start.